 Dungeon Crawl Stone Soup version 0.19.0-11-g3fc08b3 (webtiles) character file.

39 thirtiethelement the Sneak (level 3, -1/25 HPs)
             Began as an Octopode Wanderer on Nov 8, 2016.
             Slain by a gnoll
             ... wielding a +2 flail of draining
              (14 damage)
             ... on level 2 of the Dungeon on Nov 9, 2016.
             The game lasted 00:07:22 (1088 turns).

thirtiethelement the Sneak (Octopode Wanderer)      Turns: 1088, Time: 00:07:22

Health: -1/25      AC:  1    Str: 11    XL:     3   Next: 47%
Magic:  3/3        EV: 13    Int: 14    God:
Gold:   59         SH:  0    Dex: 12    Spells: 0 memorised, 2 levels left

rFire  . . .     SeeInvis .     a - +2 short sword
rCold  . . .     Gourm    .     (no shield)
rNeg   . . .     Faith    .     (helmet restricted)
rPois  .         Spirit   .     j - amulet of magic regeneration
rElec  .         Reflect  .     (no ring)
rCorr  .         Harm     .     (no ring)
MR     .....                    (no ring)
Stlth  +++.......               (no ring)
                                (no ring)
                                (no ring)
                                (no ring)
                                (no ring)

@: no status effects
A: almost no armour, stealthy swim, amphibious, 8 rings, constrict 8, camouflage
1, gelatinous body 1
a: no special abilities


You were on level 2 of the Dungeon.
You were hungry.

You visited 1 branch of the dungeon, and saw 2 of its levels.

You collected 59 gold pieces.

Inventory:

Hand Weapons
 a - a +2 short sword (weapon)
Jewellery
 j - an amulet of magic regeneration (around mantle)
Scrolls
 b - a scroll of teleportation
 e - a scroll of remove curse
Potions
 c - a potion of lignification
 g - a potion of agility {unknown}
 h - a potion of might {unknown}
 i - a potion of curing {unknown}
Comestibles
 d - a meat ration
 f - a bread ration


   Skills:
 + Level 2.3 Fighting
 + Level 2.4 Short Blades
   Level 2.0 Crossbows
 * Level 1.4 Dodging
 * Level 4.1 Stealth
   Level 1.0 Shields


You had 2 spell levels left.
You didn't know any spells.

Dungeon Overview and Level Annotations

Branches:
Dungeon (2/15)

Altars:


Innate Abilities, Weirdness & Mutations

You cannot wear most types of armour.
You are very stealthy in the water. (Stealth+)
You are amphibious.
You can wear up to eight rings at the same time.
You can use your tentacles to constrict eight enemies at once.
Your skin changes colour to match your surroundings (Stealth+).
Your rubbery body absorbs attacks. (AC +1, EV +1)


Message History

Your Stealth skill increases to level 4!
Things that are here:
a club; a gnoll corpse
Found a coppery potion.
You are feeling hungry.
j - a dented brass amulet A gnoll comes into view.
It is wielding a flail of draining.
Put on which piece of jewellery? (? for menu, Esc to quit)
The amulet hums as it attunes itself to your energized body.
j - an amulet of magic regeneration (around mantle)
A gnoll opens the door.
A gnoll comes into view.
The gnoll shouts! x2
You hit the gnoll but do no damage. Your grab misses the gnoll.
You squeeze the gnoll, but do no damage.
The gnoll misses you.
You completely miss the gnoll. You grab the gnoll. You constrict the gnoll.
The gnoll hits you with a flail of draining!
Ouch! That really hurt!
You die...

*,****,,* ***,,,.....# #.#
*,,,,,,,* *,,,,,..##.# #.#
*****,,,** *,****#.##.# #.#
**,,,,,** *,* #.##.# #.##
**,,,,,,,***,* #.##.# #..##
**,,,,,,,..##,* #.)..######....
,+,,,,,,,..'.!#####..............
**,,,,,,,,,*#.gg(...#########....
**,,,,,,,**####@#.## ##.#.
**,,,,,** ##...#* ###. **,,,**
#.#.#.# #. **+********#...#.# #.
*,**,,,,,,...##,# #.
*,**,****#.#.,,** ##. ****,**,***
#.#.*** #.. *,,,,,,,,,* #,#.* #..
*,,,,,,,*,***,#.* #..


You could see 2 gnolls.

Vanquished Creatures
  A gnoll (D:2)
  A dart slug (D:1)
  4 bats (D:1)
  A giant cockroach (D:1)
  3 hobgoblins
  2 jackals (D:2)
  3 quokkas (D:2)
  2 frilled lizards (D:1)
  2 goblins (D:1)
  4 kobolds
  3 rats (D:1)
26 creatures vanquished.

Notes
Turn   | Place    | Note
-------+----------+-------------------------------------------
     0 | D:1      | thirtiethelement the Octopode Wanderer began the quest for the Orb.
     0 | D:1      | thirtiethelement set off with: a +2 short sword, a scroll of teleportation, a potion of lignification, a +0 dagger, a bread ration
     0 | D:1      | Reached XP level 1. HP: 14/14 MP: 1/1
   292 | D:1      | Reached skill level 3 in Stealth
   324 | D:1      | Reached XP level 2. HP: 9/19 MP: 2/2
   856 | D:2      | Reached XP level 3. HP: 15/24 MP: 3/3
  1073 | D:2      | Reached skill level 4 in Stealth
  1088 | D:2      | Slain by a gnoll

Skill      XL: |  1  2  3 |
---------------+----------+-----
Stealth        | 3 4 |  4.1
Fighting       | |  2.3
Short Blades   | |  2.4
Crossbows      | |  2.0
Dodging        | |  1.4
Shields        | |  1.0

Action                   || total
-------------------------++-------
Melee: Short sword       ||    57
       Constrict         ||    12
       Tentacles         ||     2
  Use: Scroll            ||     4
 Stab: Sleeping          ||     7
Armor: Skin              ||     3
Dodge: Dodged            ||    31
